 Dungeon Crawl Stone Soup version 0.29.1-13-g9f3cf754e1 (webtiles) character file.

Game seed: 5007856441384782607

2 DonPeridon93 the Conjurer (level 1, 11/11 HPs)
             Began as an Octopode Conjurer on Feb 1, 2023.
             Quit the game on level 1 of the Dungeon.
             The game lasted 00:03:54 (70 turns).

DonPeridon93 the Conjurer (Octopode Conjurer)         Turns: 70, Time: 00:03:55

Health: 11/11      AC:  1    Str:  6    XL:     1   Next: 40%
Magic:  3/3        EV: 13    Int: 20    God:
Gold:   0          SH:  0    Dex: 10    Spells: 3/4 levels left

rFire   . . .      SeeInvis .   d - +0 dagger
rCold   . . .      Faith    .   (no shield)
rNeg    . . .      Spirit   .   (helmet restricted)
rPois   .          Reflect  .   (no amulet)
rElec   .          Harm     .   (no ring)
rCorr   .          Rampage  .   (no ring)
Will    .....                   (no ring)
Stlth   +++.......              (no ring)
HPRegen 0.03/turn               (no ring)
MPRegen 0.08/turn               (no ring)
                                (no ring)
                                (no ring)

@: no status effects
A: almost no armour, amphibious, 8 rings, camouflage 1, gelatinous body 1,
(nimble swimmer 1), tentacles
a: no special abilities


You were on level 1 of the Dungeon.
You visited 1 branch of the dungeon, and saw 1 of its levels.

Inventory:

Hand Weapons
 d - a +0 dagger (weapon)
Missiles
 b - 6 stones
Scrolls
 c - a scroll of teleportation {unknown}
Potions
 a - a potion of magic


   Skills:
 + Level 2.0 Dodging
 + Level 2.6 Stealth
 + Level 2.0 Spellcasting
 + Level 4.1 Conjurations


You had 3 spell levels left.
You knew the following spells:

 Your Spells              Type           Power      Damage    Failure   Level
a - Magic Dart            Conj           72%        1d6       3%          1

Your spell library contained the following spells:

 Spells                   Type           Power      Damage    Failure   Level
 Searing Ray              Conj           36%        2d5       4%          2
 Dazzling Flash           Conj/Hex       20%        N/A       21%         3
 Ensorcelled Hibernation  Hex/Ice        4%         N/A       24%         2
 Passwall                 Tmut/Erth      1%         N/A       24%         2
 Swiftness                Air            2%         N/A       43%         3
 Fulminant Prism          Conj/Hex       5%         3d7       56%         4
 Iskenderun's Mystic Bla  Conj/Tloc      10%        2d4       56%         4


Dungeon Overview and Level Annotations

Branches:
Dungeon (1/15)

Altars:


Innate Abilities, Weirdness & Mutations

You cannot wear most types of armour.
You are amphibious.
You can wear up to eight rings at the same time.
Your skin changes colour to match your surroundings (Stealth+).
Your rubbery body absorbs attacks. (AC +1, EV +1)
((You are camouflaged when in or above water. (Stealth+)))
You have tentacles for arms and can constrict up to eight enemies at once.


Message History

c - a scroll labelled GAWISE NADONEV You tentacle-slap the ball python but do no damage.
Your grab misses the ball python. Your squeeze misses the ball python.
The ball python misses you. The ball python barely misses you.
You tentacle-slap the ball python. Your grab misses the ball python.
You squeeze the ball python.
You kill the ball python!
The goblin closely misses you.
You tentacle-slap the goblin. Your grab misses the goblin.
The goblin is heavily wounded.
The goblin hits you but does no damage.
You miss the goblin. You grab the goblin.
The goblin is heavily wounded.
You constrict the goblin. The goblin closely misses you.
You tentacle-slap the goblin.
The goblin is almost dead.
You constrict the goblin.
You kill the goblin!
The rat closely misses you.
You tentacle-slap the rat but do no damage.
You grab the rat. Your squeeze misses the rat. You constrict the rat.
The rat closely misses you.
You tentacle-slap the rat but do no damage.
The rat is heavily wounded.
You constrict the rat.
You kill the rat!
You see here a +0 dagger.
d - a +0 dagger
d - a +0 dagger (weapon)
Found a dagger.
You see here a ball python corpse.
Found 4 gold pieces.
Found a stone staircase leading down.
Found a dagger.
You see here a +0 dagger.
Found 2 stones.
You see here a +0 dagger.
b - 6 stones (gained 2)
A rat comes into view.
Found a bubbling yellow potion.
Are you sure you want to abandon this character and quit the game? (Confirm with "yes".)

..### # ..#..###########
.# ...............# ...
#............# ...#
##.........)# ### ..r..
##..........####.#......
##..........#.#.@.......
#....#).................
#....#...####.#.........
'.......## ####.#.....!
'..†..#.# ####.....
#....##.# #...#
#.†..##.# .... #....##.#
..# ...### .#


You could see a rat.

Vanquished Creatures
  A goblin (D:1)
  A ball python (D:1)
  A rat (D:1)
3 creatures vanquished.

Notes
Turn   | Place    | Note
-------+----------+-------------------------------------------
     0 | D:1      | DonPeridon93 the Octopode Conjurer began the quest for the
                  | Orb.
     0 | D:1      | Reached XP level 1. HP: 11/11 MP: 3/3
    70 | D:1      | Quit the game

Illustrated notes

Levels and vault maps discovered:
D:1:      psy_arrival_whirlpool, layout_rooms, minmay_misc_feat_more_columns,
          nicolae_figureground_sparkle

Action                   || total
-------------------------++-------
Melee: Unarmed           ||     7
       Constrict         ||     2
       Tentacles         ||     1
Armor: Skin              ||     1
Dodge: Dodged            ||     6
